 Dungeon Sprint DCSS version 0.26.1-11-gd32895ea62 (webtiles) character file.

Game seed: 4348911207087448798

8700000 Zeld the Intangible (level 27, -27/189 (224) HPs)
             Began as an Octopode Gladiator on May 14, 2021.
             Was the Champion of Makhleb.
             Annihilated by a meat berserker
             ... wielding a +9 battleaxe
              (51 damage)
             ... in the Dungeon (Sprint VIII: "Arena of Blood").
             The game lasted 00:03:25 (87 turns).

Zeld the Intangible (Octopode Gladiator)              Turns: 87, Time: 00:03:27

HP:   -27/189 (224) AC:  1    Str: 22    XL:     27
MP:   35/54         EV: 32    Int: 14    God:    Makhleb [******]
Gold: 0             SH:  0    Dex: 14    Spells: 80/80 levels left

rFire    . . .     SeeInvis .   i - +∞ Axe of Woe
rCold    . . .     Faith    .   (shield currently unavailable)
rNeg     . . .     Spirit   .   a - +0 hat
rPois    .         Reflect  .   (no amulet)
rElec    .         Harm     .   (no ring)
rCorr    .         Rampage  .   (no ring)
Will     ++...     NoTele   +   (no ring)
Stlth    ++++++++++             (no ring)
HPRegen  0.41/turn              (no ring)
MPRegen  0.34/turn              (no ring)
                                (no ring)
                                (no ring)

@: heavily drained
A: almost no armour, stealthy swim, amphibious, 8 rings, constrict 8, camouflage
1, gelatinous body 1
a: Renounce Religion, Minor Destruction, Lesser Servant of Makhleb, Major
Destruction, Greater Servant of Makhleb


You were in the Dungeon.
You worshipped Makhleb.
Makhleb was exalted by your worship.
You visited 1 branch

Inventory:

Hand Weapons
 i - the +∞ Axe of Woe (weapon)
   (You found it in the Dungeon)
Missiles
 b - 3 throwing nets (quivered)
Armour
 a - a +0 hat (worn)
Scrolls
 h - a scroll of blinking
Potions
 c - a potion of curing
 e - a potion of haste
 f - 2 potions of magic
 g - a potion of berserk rage


   Skills:
 O Level 27 Fighting
 O Level 27 Short Blades
 O Level 27 Long Blades
 O Level 27 Axes
 O Level 27 Maces & Flails
 O Level 27 Polearms
 O Level 27 Staves
 O Level 27 Slings
 O Level 27 Bows
 O Level 27 Crossbows
 O Level 27 Throwing
 O Level 27 Dodging
 O Level 27 Stealth
 O Level 27 Shields
 O Level 27 Unarmed Combat
 O Level 27 Spellcasting
 O Level 27 Conjurations
 O Level 27 Hexes
 O Level 27 Summonings
 O Level 27 Necromancy
 O Level 27 Translocations
 O Level 27 Transmutations
 O Level 27 Fire Magic
 O Level 27 Ice Magic
 O Level 27 Air Magic
 O Level 27 Earth Magic
 O Level 27 Poison Magic
 O Level 27 Invocations
 O Level 27 Evocations


You had 80 spell levels left.
You didn't know any spells.
Your spell library was empty.

Dungeon Overview and Level Annotations

Branches:
Dungeon (1/1)

Altars:
Makhleb


Innate Abilities, Weirdness & Mutations

You cannot wear most types of armour.
You are very stealthy in the water. (Stealth+)
You are amphibious.
You can wear up to eight rings at the same time.
You can use your tentacles to constrict eight enemies at once.
Your skin changes colour to match your surroundings (Stealth+).
Your rubbery body absorbs attacks. (AC +1, EV +1)


Message History

You feel better.
You are engulfed in blazing flames.
You hear a shout! x7
A bag of meat comes into view. It is wielding a +9 war axe.
The meat berserker rages.
You hear a shout!
Unknown command.
You are engulfed in blazing flames.
A meat berserker comes into view. It is wielding a +9 battleaxe.
You hear a shout! x3
A bag of meat comes into view. It is wielding a +9 war axe.
A bolt of negative energy appears from out of thin air!
Deactivating autopickup; reactivate with Ctrl-A.
The bolt of negative energy hits you!!!!
You feel drained.
Ouch! That really hurt!
* * * LOW HITPOINT WARNING * * *
You hear a shout!
The destroyer blinks!
The meat berserker hits you with a +9 battleaxe!!!
You die...

..... .. #...
M# . #.o. ..#
.o###.o. V.###.
......###......
.{..._O.....
#.)O§§# #_o@°§#
#.)§§.#
....._O.O..o
......###....§.
..###... o.###O
. #... ..# #...
O# ..... ..


You could see an accursed, a destroyer, 6 meat berserkers and 5 bags of meat.

Vanquished Creatures
  4 hell beasts (D)
  2 royal mummies (D)
  5 wraiths (D)
  4 vampire knights (D)
  26 ogres (D)
  5 two-headed ogres (D)
  4 liches (D)
  2 hydras (D)
  45 orcs (D)
  A phantom (D)
  8 skeletal warriors (D)
  5 large abominations (D)
  2 small abominations (D)
  11 crawling corpses (D)
124 creatures vanquished.

Notes
Turn   | Place    | Note
-------+----------+-------------------------------------------
     0 | D        | Found the +∞ Axe of Woe
     0 | D        | Zeld the Octopode Gladiator began the quest for the Orb.
     0 | D        | Reached XP level 1. HP: 14/14 MP: 1/1
     3 | D        | Noticed a bag of meat
     4 | D        | Became a worshipper of Makhleb the Destroyer
     5 | D        | Noticed a bag of meat
     5 | D        | Noticed a bag of meat
     5 | D        | Noticed a bag of meat
     6 | D        | Noticed a bag of meat
     6 | D        | Noticed a bag of meat
     7 | D        | Noticed a bag of meat
     8 | D        | Killed a bag of meat
     8 | D        | Noticed a bag of meat
     9 | D        | Reached skill level 10 in Fighting
     9 | D        | Reached skill level 10 in Throwing
     9 | D        | Reached XP level 2. HP: 32/32 MP: 2/2
     9 | D        | Reached XP level 3. HP: 37/37 MP: 3/3
     9 | D        | Reached XP level 4. HP: 44/44 MP: 4/4
     9 | D        | Reached XP level 5. HP: 48/48 MP: 5/5
     9 | D        | Reached XP level 6. HP: 54/54 MP: 6/6
     9 | D        | Reached XP level 7. HP: 60/60 MP: 7/7
     9 | D        | Reached XP level 8. HP: 66/66 MP: 8/8
     9 | D        | Reached XP level 9. HP: 71/71 MP: 9/9
     9 | D        | Reached XP level 10. HP: 77/77 MP: 10/10
     9 | D        | Reached XP level 11. HP: 82/82 MP: 11/11
     9 | D        | Reached XP level 12. HP: 89/89 MP: 12/12
     9 | D        | Killed a bag of meat
     9 | D        | Reached * piety under Makhleb
    10 | D        | Reached XP level 13. HP: 61/97 MP: 13/13
    10 | D        | Killed a bag of meat
    10 | D        | Killed a bag of meat
    10 | D        | Killed a bag of meat
    10 | D        | Reached ** piety under Makhleb
    10 | D        | Noticed a meat berserker
    10 | D        | Noticed a bag of meat
    11 | D        | Reached XP level 14. HP: 68/108 MP: 14/14
    11 | D        | Reached XP level 15. HP: 72/113 MP: 15/15
    11 | D        | Noticed a meat berserker
    12 | D        | Reached skill level 15 in Fighting
    12 | D        | Reached skill level 15 in Throwing
    12 | D        | Reached XP level 16. HP: 80/122 MP: 16/16
    12 | D        | Killed a meat berserker
    12 | D        | Reached *** piety under Makhleb
    13 | D        | Reached skill level 27 in Dodging
    13 | D        | Reached skill level 27 in Unarmed Combat
    13 | D        | Reached XP level 17. HP: 135/135 MP: 17/17
    15 | D        | Killed a meat berserker
    15 | D        | Reached **** piety under Makhleb
    15 | D        | Noticed a meat berserker
    16 | D        | Reached XP level 18. HP: 152/152 MP: 18/18
    20 | D        | Killed a meat berserker
    20 | D        | Reached ***** piety under Makhleb
    20 | D        | Noticed a meat berserker
    21 | D        | Reached skill level 27 in Fighting
    21 | D        | Reached skill level 27 in Axes
    21 | D        | Reached XP level 19. HP: 170/170 MP: 19/19
    22 | D        | Noticed a destroyer
    22 | D        | Noticed a large bag of meat
    22 | D        | Noticed a large bag of meat
    25 | D        | Reached skill level 27 in Throwing
    25 | D        | Noticed a large bag of meat
    25 | D        | Killed a meat berserker
    25 | D        | Noticed a meat berserker
    26 | D        | Reached XP level 20. HP: 177/177 MP: 19/29
    27 | D        | Reached skill level 10 in Stealth
    27 | D        | Killed a destroyer
    27 | D        | Reached ****** piety under Makhleb
    27 | D        | Noticed a meat berserker
    28 | D        | Reached skill level 10 in Hexes
    28 | D        | Reached XP level 21. HP: 183/183 MP: 19/34
    28 | D        | Killed a meat berserker
    29 | D        | Reached skill level 10 in Short Blades
    29 | D        | Reached skill level 10 in Long Blades
    29 | D        | Reached skill level 10 in Maces & Flails
    29 | D        | Reached skill level 10 in Polearms
    29 | D        | Reached skill level 10 in Staves
    29 | D        | Reached skill level 10 in Slings
    29 | D        | Reached skill level 10 in Bows
    29 | D        | Reached skill level 10 in Crossbows
    29 | D        | Reached skill level 10 in Shields
    29 | D        | Reached skill level 10 in Conjurations
    29 | D        | Reached skill level 10 in Summonings
    29 | D        | Reached skill level 10 in Necromancy
    29 | D        | Reached skill level 10 in Translocations
    29 | D        | Reached skill level 10 in Transmutations
    29 | D        | Reached skill level 10 in Fire Magic
    29 | D        | Reached skill level 10 in Ice Magic
    29 | D        | Reached skill level 10 in Air Magic
    29 | D        | Reached skill level 10 in Earth Magic
    29 | D        | Reached XP level 22. HP: 190/190 MP: 19/35
    30 | D        | Killed a large bag of meat
    30 | D        | Killed a large bag of meat
    31 | D        | Reached skill level 15 in Poison Magic
    32 | D        | Reached skill level 15 in Invocations
    32 | D        | Reached XP level 23. HP: 188/197 MP: 20/38
    33 | D        | Reached skill level 15 in Evocations
    33 | D        | Killed a large bag of meat
    33 | D        | Noticed a destroyer
    35 | D        | Reached skill level 15 in Hexes
    35 | D        | Reached XP level 24. HP: 94/204 MP: 20/40
    36 | D        | Noticed a large bag of meat
    37 | D        | Reached skill level 15 in Short Blades
    37 | D        | Reached skill level 15 in Long Blades
    37 | D        | Reached skill level 15 in Maces & Flails
    37 | D        | Reached skill level 15 in Polearms
    37 | D        | Reached skill level 15 in Staves
    37 | D        | Reached skill level 15 in Slings
    37 | D        | Reached skill level 15 in Bows
    37 | D        | Reached skill level 15 in Crossbows
    37 | D        | Reached skill level 15 in Shields
    37 | D        | Reached skill level 15 in Conjurations
    37 | D        | Reached skill level 15 in Summonings
    37 | D        | Reached skill level 15 in Necromancy
    37 | D        | Reached skill level 15 in Translocations
    37 | D        | Reached skill level 15 in Transmutations
    37 | D        | Reached skill level 15 in Fire Magic
    37 | D        | Reached skill level 15 in Ice Magic
    37 | D        | Reached skill level 15 in Air Magic
    37 | D        | Reached skill level 15 in Earth Magic
    39 | D        | Noticed a destroyer
    41 | D        | Reached XP level 25. HP: 192/210 MP: 21/41
    41 | D        | Noticed an accursed
    41 | D        | Killed an accursed
    42 | D        | Reached skill level 15 in Spellcasting
    44 | D        | Reached XP level 26. HP: 192/217 MP: 22/43
    44 | D        | Killed a large bag of meat
    44 | D        | Noticed a destroyer
    44 | D        | Noticed a tyrant
    46 | D        | Noticed an accursed
    47 | D        | Killed a destroyer
    47 | D        | Killed a destroyer
    48 | D        | Reached XP level 27. HP: 195/224 MP: 23/45
    48 | D        | Noticed a tyrant
    49 | D        | Killed a destroyer
    50 | D        | Reached skill level 27 in Stealth
    51 | D        | Noticed a tyrant
    51 | D        | Killed a tyrant
    53 | D        | Noticed a tyrant
    54 | D        | Reached skill level 27 in Poison Magic
    56 | D        | Killed an accursed
    56 | D        | Killed a tyrant
    57 | D        | Noticed a dread
    57 | D        | Killed a tyrant
    58 | D        | Reached skill level 27 in Invocations
    58 | D        | Reached skill level 27 in Evocations
    58 | D        | Noticed a tyrant
    59 | D        | Noticed a dread
    60 | D        | Killed a dread
    60 | D        | Noticed a dread
    63 | D        | Killed a tyrant
    64 | D        | Noticed a meat beast
    64 | D        | HP: 7/224 [meat berserker/+9 battleaxe (48)]
    65 | D        | Noticed a meat beast
    66 | D        | Reached skill level 27 in Hexes
    66 | D        | Noticed a dread
    67 | D        | Noticed a meat beast
    69 | D        | Killed a dread
    69 | D        | Killed a meat beast
    70 | D        | Reached skill level 27 in Short Blades
    70 | D        | Reached skill level 27 in Long Blades
    70 | D        | Reached skill level 27 in Maces & Flails
    70 | D        | Reached skill level 27 in Polearms
    70 | D        | Reached skill level 27 in Staves
    70 | D        | Reached skill level 27 in Slings
    70 | D        | Reached skill level 27 in Bows
    70 | D        | Reached skill level 27 in Crossbows
    70 | D        | Reached skill level 27 in Shields
    70 | D        | Reached skill level 27 in Spellcasting
    70 | D        | Reached skill level 27 in Conjurations
    70 | D        | Reached skill level 27 in Summonings
    70 | D        | Reached skill level 27 in Necromancy
    70 | D        | Reached skill level 27 in Translocations
    70 | D        | Reached skill level 27 in Transmutations
    70 | D        | Reached skill level 27 in Fire Magic
    70 | D        | Reached skill level 27 in Ice Magic
    70 | D        | Reached skill level 27 in Air Magic
    70 | D        | Reached skill level 27 in Earth Magic
    70 | D        | Killed a meat beast
    70 | D        | Noticed a dread
    71 | D        | Killed a meat beast
    73 | D        | Noticed a meat beast
    75 | D        | Killed a meat beast
    75 | D        | Noticed a large bag of meat
    76 | D        | Killed a dread
    76 | D        | Killed a dread
    82 | D        | Killed a dread
    84 | D        | Killed a large bag of meat
    84 | D        | Noticed a destroyer
    85 | D        | Noticed a destroyer
    85 | D        | Noticed an accursed
    87 | D        | Annihilated by a meat berserker

Illustrated notes

Levels and vault maps discovered:
D:        meatsprint

Skill      XL: |  1  2  3  4  5  6  7  8  9 10 11 12 13 14 15 16 17 18 19 20 21 22 23 24 25 26 27 |
---------------+----------------------------------------------------------------------------------+-----
Fighting       | 10 12 14 15 18 22 27 | 27.0
Axes           | 4 6 9 12 17 24 27 | 27.0
Throwing       | 10 11 14 15 17 20 26 27 | 27.0
Dodging        | 17 19 23 25 27 | 27.0
Unarmed Combat | 17 19 23 25 27 | 27.0
Short Blades   | 6 9 10 12 14 15 17 20 27 | 27.0
Long Blades    | 6 9 10 12 14 16 17 20 27 | 27.0
Maces & Flails | 6 9 10 12 14 16 17 20 27 | 27.0
Polearms       | 6 9 10 12 14 15 17 20 27 | 27.0
Staves         | 6 9 10 12 14 15 17 20 27 | 27.0
Slings         | 6 9 10 12 14 15 17 20 27 | 27.0
Bows           | 6 9 10 12 14 16 17 20 27 | 27.0
Crossbows      | 6 9 10 12 14 15 17 20 27 | 27.0
Stealth        | 9 13 14 17 19 21 23 26 27 | 27.0
Shields        | 6 9 10 12 14 16 17 20 27 | 27.0
Spellcasting   | 6 9 11 13 14 16 18 27 | 27.0
Conjurations   | 6 9 10 12 14 16 17 20 27 | 27.0
Hexes          | 7 10 11 13 15 17 19 21 27 | 27.0
Summonings     | 6 9 10 12 14 16 17 20 27 | 27.0
Necromancy     | 6 9 10 12 14 15 17 20 27 | 27.0
Translocations | 6 9 10 12 14 16 17 20 27 | 27.0
Transmutations | 6 9 10 12 14 15 17 20 27 | 27.0
Fire Magic     | 6 9 10 12 14 16 17 20 27 | 27.0
Ice Magic      | 6 9 10 12 14 16 17 20 27 | 27.0
Air Magic      | 6 9 10 12 14 16 17 20 27 | 27.0
Earth Magic    | 6 9 10 12 14 16 17 20 27 | 27.0
Poison Magic   | 8 12 13 16 18 20 22 25 27 | 27.0
Invocations    | 8 11 12 15 17 18 20 23 27 | 27.0
Evocations     | 8 11 12 14 17 18 20 23 27 | 27.0

Action                   |  1- 3 |  4- 6 |  7- 9 | 10-12 | 13-15 | 16-18 | 19-21 | 22-24 | 25-27 || total
-------------------------+-------+-------+-------+-------+-------+-------+-------+-------+-------++-------
Melee: Executioner's axe |     1 |       |       |     1 |     2 |     5 |     5 |    11 |    39 ||    64
  Use: Potion            |       |       |       |       |       |       |       |       |     1 ||     1
Dodge: Dodged            |       |       |       |       |       |     1 |       |       |     4 ||     5
